 Dungeon Crawl Stone Soup version 0.29.1-1-gd02db6906a (webtiles) character file.

Game seed: 2488164406825796518

49812 LabCoat the Fighter (level 14, -4/199 HPs)
             Began as a Hill Orc Fighter on Oct 6, 2022.
             Was an Elder of Trog.
             Slain by an orc warrior
             ... wielding a +0 trident
              (6 damage)
             ... on level 2 of the Orcish Mines.
             The game lasted 01:14:13 (19909 turns).

LabCoat the Fighter (Hill Orc Fighter)             Turns: 19909, Time: 01:14:15

Health: -4/199     AC: 27    Str: 24    XL:     14   Next: 52%
Magic:  14/14      EV:  2    Int:  8    God:    Trog [****..]
Gold:   1778       SH: 11    Dex: 10    Spells: 13/13 levels left

rFire   x . .      SeeInvis .   a - +1 war axe (spect)
rCold   + . .      Faith    .   c - +0 buckler
rNeg    . . .      Spirit   .   (body armour currently unavailable)
rPois   +          Reflect  +   (helmet currently unavailable)
rElec   .          Harm     .   (cloak currently unavailable)
rCorr   .          Rampage  .   (gloves currently unavailable)
Will    ++++.      NoTele   +   (boots currently unavailable)
Stlth   +.........              F - amulet of reflection
HPRegen 1.43/turn               m - ring of willpower
MPRegen 0.14/turn               w - ring of ice

@: mighty, tree-form, strong-willed, regenerating
A: stationary, stasis, torment immunity, boosted hp
a: Renounce Religion, Berserk, Trog's Hand, Brothers in Arms


You were on level 2 of the Orcish Mines.
You worshipped Trog.
Trog was greatly pleased with you.
You were a tree.
You visited 4 branches of the dungeon, and saw 17 of its levels.
You also visited: Ossuary.

You collected 2108 gold pieces.
You spent 330 gold pieces at shops.

Inventory:

Hand Weapons
 a - a +1 spectral war axe (weapon)
 l - a +0 flail
 r - the +2 mace of Ruduh {vorpal, Int+3 SInv}
   (You found it on level 4 of the Dungeon)

   It inflicts extra damage upon your enemies.
   Int:       It affects your intelligence (+3).
   SInv:      It lets you see invisible.
 t - a +3 vorpal battleaxe
 C - a +1 battleaxe of protection
 U - a +5 executioner's axe
 V - a +2 battleaxe of electrocution
Missiles
 j - 5 curare-tipped darts
 o - 26 poisoned darts
 p - 3 throwing nets
 L - 10 boomerangs (quivered)
 Q - 5 javelins
Armour
 c - a +0 buckler (worn)
 g - a +1 pair of gloves (melded)
 i - a +1 helmet (melded)
 n - a +0 chain mail
 u - a +2 cloak (melded)
 z - a +1 pair of boots (melded)
 D - a +0 plate armour (melded)
 N - a scarf of invisibility
Jewellery
 m - a ring of willpower (left branch)
 q - a ring of flight
 v - an amulet of faith
 w - a ring of ice (right branch)
 F - an amulet of reflection (around neck)
 J - an amulet of guardian spirit
Wands
 y - a wand of paralysis (18)
 B - a wand of flame (28)
 H - a wand of polymorph (3)
 K - a wand of iceblast (6)
 M - a wand of digging (8)
Scrolls
 b - a scroll of identify
 e - 3 scrolls of magic mapping
 h - 2 scrolls of butterflies
 G - a scroll of brand weapon
 I - a scroll of immolation
Potions
 d - 2 potions of might
 k - 3 potions of lignification
 s - 2 potions of cancellation
 x - 3 potions of flight
 T - a potion of magic
Miscellaneous
 A - a piece from Xom's chessboard (15/15)


   Skills:
 * Level 14.8 Fighting
 * Level 12.2 Axes
 + Level 7.6 Throwing
 + Level 11.4 Armour
 + Level 8.9 Dodging
 + Level 10.1 Shields
 + Level 7.4 Evocations


You had 13 spell levels left.
You didn't know any spells.
Your spell library contained the following spells:

 Spells                   Type           Power      Damage    Failure   Level
 Magic Dart               Conj           0%         1d3       45%         1
 Summon Small Mammal      Summ           0%         N/A       45%         1
 Blink                    Tloc           0%         N/A       61%         2
 Call Imp                 Summ           0%         N/A       61%         2
 Ensorcelled Hibernation  Hex/Ice        0%         N/A       61%         2
 Scorch                   Fire           0%         2d5       61%         2
 Static Discharge         Conj/Air       0%         3-3/arc   61%         2
 Call Canine Familiar     Summ           0%         N/A       83%         3
 Mephitic Cloud           Conj/Pois/Air  0%         N/A       83%         3
 Spider Form              Tmut/Pois      0%         N/A       83%         3
 Summon Guardian Golem    Hex/Summ       0%         N/A       83%         3
 Anguish                  Hex/Necr       0%         N/A       99%         4
 Cause Fear               Hex            0%         N/A       99%         4
 Dispel Undead            Necr           0%         3d6       99%         4
 Flame Wave               Conj/Fire      0%         2d4       99%         4
 Fulminant Prism          Conj/Hex       0%         3d6       99%         4
 Iskenderun's Mystic Bla  Conj/Tloc      0%         2d3       99%         4
 Sticky Flame             Conj/Fire      0%         2d3       99%         4
 Lee's Rapid Deconstruct  Erth           0%         3d5*      100%        5
 Manifold Assault         Tloc           0%         N/A       100%        5
 Summon Forest            Summ/Tloc      0%         N/A       100%        5
 Summon Mana Viper        Hex/Summ       0%         N/A       100%        5
 Summon Cactus Giant      Summ           0%         N/A       100%        6
 Dragon Form              Tmut           0%         N/A       100%        7
 Storm Form               Tmut/Air       0%         N/A       100%        7
 Borgnjor's Revivificati  Necr           0%         N/A       100%        8
 Necromutation            Tmut/Necr      0%         N/A       100%        8
 Death's Door             Necr           0%         N/A       100%        9
 Dragon's Call            Summ           0%         N/A       100%        9


Dungeon Overview and Level Annotations

Branches:
Dungeon (9/15)             Temple (1/1) D:4            Lair (5/5) D:8
  Swamp (0/4) Lair:3       Spider (0/4) Lair:2        Slime (0/5) Lair:4
    Orc (2/2) D:9             Elf (0/3) Orc:2       Ossuary (visited)

Altars:
Ashenzari
Cheibriados
Dithmenos
Elyvilon
Fedhas
Hepliaklqana
Kikubaaqudgha
Makhleb
Nemelex Xobeh
Okawaru
Qazlal
Ru
Sif Muna
Trog
Uskayaw
Vehumet
Wu Jian
Xom
Yredelemnul
Zin
The Shining One
Beogh
Jiyva

Shops:
D:1 !   D:7 =   Orc:2 (!(*(*

Annotations:
Lair:3 3 runed translucent doors, caveywoolpert's ghost, journeyman HOBe
Orc:2 1 runed translucent door, cariele's ghost, journeyman PaBe


Message History

The orc warrior completely misses your +1 spectral war axe.
Okay, then.
You slash the orc warrior!
The orc warrior is severely wounded.
You slash the orc warrior! You closely miss the orc warrior.
Your +1 spectral war axe hits the orc warrior!
You kill the orc warrior!
Trog accepts your kill.
Your +1 spectral war axe hits the orc warrior. x2
You barely miss the orc warrior.
The orc warrior is almost dead.
You hit the orc warrior but do no damage.
Your +1 spectral war axe hits the orc warrior.
Your +1 spectral war axe hits the orc!
You kill the orc!
Trog accepts your kill.
Your +1 spectral war axe hits the orc warrior!
Your +1 spectral war axe hits the orc warrior.
The orc warrior hits your +1 spectral war axe with a +0 trident!
Your spectral weapon shares its damage with you!
* * * LOW HITPOINT WARNING * * *
The orc warrior hits you but does no damage.
The orc warrior hits your +1 spectral war axe with a +0 hand axe!
Your spectral weapon shares its damage with you!
The orc warrior barely misses your +1 spectral war axe.
The orc warrior barely misses you.
You slash the orc warrior!
You kill the orc warrior!
Trog accepts your kill.
You slash the orc warrior!
Your +1 spectral war axe hits the orc warrior!
You kill the orc warrior!
Trog accepts your kill.
Your +1 spectral war axe hits the orc warrior! x2
You kill the orc warrior!
Trog accepts your kill.
Your +1 spectral war axe hits the orc but does no damage.
The orc hits your +1 spectral war axe with a +0 flail.
The orc warrior hits you from afar with a +0 trident.
You die...

...............#....## ##......
...........#...#[.[## ##.....
.........#....###.#########......
.................)...............
.................)...............
.##....######..###.###.#######..#
.#.....#∩.. #..# #.# #.# #..#
.......#... #.o###.###.#### #..
.......#..o #.o(♣)......... .
#......###'##.o))......### .#
#.............).⌠..))..# ..
#...#..###'##.........)# ##
.......#... #..###'###.###.###
.......#... #..#.....#........
.##.#..#..o #..#.....#.###.###
#......#∩.. #..#.._..#.# #
.......######..#######.###.###.##


You could see an orc warrior, 2 orcs and a friendly +1 spectral war axe
(summoned).

Vanquished Creatures
  3 ettins (Orc:2)
  An ice dragon (Lair:4)
  4 hydras
  3 boulder beetles
  A two-headed ogre (Orc:1)
  A death yak (Lair:4)
  Amaemon (Lair:2)
  2 lindwurms (Lair:3)
  2 oklob plants (Lair:5)
  6 orc knights (Orc:2)
  A cyclops (Orc:2)
  11 elephants
  3 black mambas
  An orange demon (Lair:2)
  A torpor snail (Lair:2)
  8 cane toads
  Psyche (D:9)
  3 rime drakes
  8 komodo dragons
  2 ice devils (Lair:4)
  An entropy weaver simulacrum (Lair:4)
  A troll (Orc:1)
  8 polar bears
  Grinder (D:4)
  6 hornets (Lair:5)
  16 blink frogs
  A dream sheep (Lair:5)
  Sigmund (D:5)
  11 spriggans (Lair:5)
  7 wyverns
  30 yaks
  2 steam dragons
  A death yak simulacrum (Lair:4)
  6 wargs
  Edmund (D:5)
  11 water moccasins
  An acid dragon (D:9)
  29 orc warriors
  6 black bears
  3 boggarts (Lair:5)
  2 ogres
  18 wolves (Lair:5)
  3 kobold brigands
  3 elf zombies (Ossuary)
  Blork the orc (D:6)
  13 bullfrogs
  3 two-headed ogre simulacra (Lair:4)
  7 scorpions
  A cane toad simulacrum (Lair:4)
  3 wights (D:7)
  4 howler monkeys (D:9)
  3 electric eels
  A centaur zombie (Ossuary)
  Crazy Yiuf (D:4)
  A hound (D:4)
  14 orc priests
  2 gnoll boudas
  2 jellies
  3 iguanas
  Natasha (thrice) (D:4)
  16 orc wizards
  A spriggan simulacrum (Lair:4)
  2 mummies (Ossuary)
  Robin (D:2)
  3 gnolls (D:3)
  4 adders
  3 river rats (Lair:1)
  2 shadow imps
  3 white imps
  2 worms
  2 dart slugs (D:2)
  69 orcs
  6 bats
  10 endoplasms
  A giant cockroach (D:3)
  14 goblins
  11 hobgoblins
  11 jackals
  23 kobolds
  3 quokkas
  8 ball pythons
  2 frilled lizards
  4 goblin zombies (Ossuary)
  6 hobgoblin zombies (Ossuary)
  2 jackal zombies (Ossuary)
  7 kobold zombies (Ossuary)
  12 orc zombies (Ossuary)
  5 rats
  2 rat zombies (Ossuary)
529 creatures vanquished.

Vanquished Creatures (collateral kills)
  A scorpion (D:5)
  An iguana (D:5)
2 creatures vanquished.

Vanquished Creatures (others)
  A white imp (Lair:4)
  34 fungi
  62 plants
97 creatures vanquished.

Grand Total: 628 creatures vanquished

Notes
Turn   | Place    | Note
-------+----------+-------------------------------------------
     0 | D:1      | LabCoat the Hill Orc Fighter began the quest for the Orb.
     0 | D:1      | Reached XP level 1. HP: 19/19 MP: 1/1
   447 | D:1      | Reached XP level 2. HP: 21/27 MP: 2/2
   532 | D:1      | Found a faded altar of an unknown god.
   864 | D:1      | Found Mathunk's Distillery.
   868 | D:1      | Reached skill level 4 in Fighting
  1353 | D:2      | Reached XP level 3. HP: 33/33 MP: 3/3
  1615 | D:2      | Noticed Robin
  1623 | D:2      | Killed Robin
  1624 | D:2      | Reached XP level 4. HP: 39/40 MP: 4/4
  1758 | D:2      | Reached skill level 1 in Dodging
  2224 | D:3      | Reached XP level 5. HP: 30/47 MP: 5/5
  2487 | D:3      | Found a stormy altar of Qazlal.
  2508 | D:3      | Identified the +7 dagger of Cataclysm {speed, rC+++}
  2617 | D:3      | Reached skill level 5 in Fighting
  2727 | D:3      | Reached skill level 5 in Axes
  2727 | D:3      | Reached XP level 6. HP: 51/56 MP: 6/6
  3442 | D:4      | Noticed Grinder
  3444 | D:4      | Paralysed by Grinder for 5 turns
  3450 | D:4      | Killed Grinder
  3451 | D:4      | Reached skill level 1 in Throwing
  3451 | D:4      | Reached XP level 7. HP: 55/62 MP: 7/7
  3490 | D:4      | Reached skill level 6 in Fighting
  3616 | D:4      | Identified the +2 mace of Ruduh {vorpal, Int+3 SInv}
  3624 | D:4      | Identified the +7 spear "Facw" {freeze, rN++}
  3721 | D:4      | Noticed Natasha
  3729 | D:4      | Reached XP level 8. HP: 57/71 MP: 8/8
  3736 | D:4      | Killed Natasha
  3979 | D:4      | Noticed Natasha
  3983 | D:4      | Killed Natasha
  4055 | D:4      | Found a staircase to the Ecumenical Temple.
  4063 | Temple   | Entered the Ecumenical Temple
  4075 | Temple   | Became a worshipper of Trog the Wrathful
  4264 | D:4      | Reached skill level 5 in Shields
  4283 | D:4      | Reached skill level 7 in Fighting
  4283 | D:4      | Reached skill level 5 in Armour
  4470 | D:4      | Found a glowing golden altar of the Shining One.
  4559 | D:4      | Found a runed translucent door.
  4560 | D:4      | Noticed Crazy Yiuf
  4574 | D:4      | Killed Crazy Yiuf
  4682 | D:4      | Noticed Natasha
  4687 | D:4      | Killed Natasha
  4704 | D:5      | Entered Level 5 of the Dungeon
  4731 | D:5      | Found a radiant altar of Vehumet.
  4763 | D:5      | Found a shadowy altar of Dithmenos.
  4768 | D:5      | Noticed Edmund
  4770 | D:5      | Noticed Sigmund
  4780 | D:5      | Killed Edmund
  4783 | D:5      | Killed Sigmund
  4784 | D:5      | Reached XP level 9. HP: 54/80 MP: 9/9
  5474 | D:6      | Found a broken altar of Ashenzari.
  5474 | D:6      | Found a burning altar of Makhleb.
  5487 | D:6      | Found a sand-covered staircase.
  5492 | Ossuary  | Entered an ossuary
  5503 | Ossuary  | Reached * piety under Trog
  5602 | Ossuary  | Reached skill level 8 in Fighting
  5602 | Ossuary  | Reached ** piety under Trog
  5799 | D:6      | Noticed Blork the orc
  5804 | D:6      | Killed Blork the orc
  5925 | D:6      | Found a hazy altar of Hepliaklqana.
  6652 | D:7      | Reached *** piety under Trog
  6658 | D:7      | Reached skill level 5 in Dodging
  6660 | D:7      | Reached skill level 1 in Evocations
  6917 | D:7      | Found Ymuhir's Jewellery Boutique.
  6922 | D:7      | Bought an amulet of reflection for 330 gold pieces
  7582 | D:8      | Found a shimmering blue altar of Sif Muna.
  7597 | D:8      | Found a snail-covered altar of Cheibriados.
  7613 | D:8      | Reached skill level 9 in Fighting
  7617 | D:8      | Reached XP level 10. HP: 80/91 MP: 10/10
  8038 | D:8      | Reached skill level 10 in Fighting
  8043 | D:8      | Found a staircase to the Lair.
  8335 | D:8      | Found a sacrificial altar of Ru.
  8561 | Lair:1   | Entered Level 1 of the Lair of Beasts
  8713 | Lair:1   | Reached XP level 11. HP: 96/101 MP: 11/11
  8860 | Lair:1   | Found a hide-covered altar of Uskayaw.
  8873 | Lair:1   | Noticed a seven-headed hydra
  8882 | Lair:1   | Killed a seven-headed hydra
  8986 | Lair:1   | Reached skill level 5 in Throwing
  9185 | Lair:1   | Noticed a six-headed hydra
  9212 | Lair:1   | Killed a six-headed hydra
  9213 | Lair:1   | Reached skill level 11 in Fighting
  9527 | Lair:1   | Noticed a five-headed hydra
  9537 | Lair:1   | Killed a five-headed hydra
 10426 | Lair:2   | Noticed a boulder beetle
 10435 | Lair:2   | Killed a boulder beetle
 10447 | Lair:2   | Reached XP level 12. HP: 66/111 MP: 12/12
 10634 | Lair:2   | Found a hole to the Spider Nest.
 10645 | Lair:2   | Noticed Amaemon
 10658 | Lair:2   | Killed Amaemon
 10984 | Lair:2   | Reached skill level 12 in Fighting
 10997 | Lair:2   | Reached skill level 5 in Evocations
 11009 | Lair:2   | Reached skill level 10 in Axes
 12505 | Lair:3   | Found a runed translucent gate.
 12505 | Lair:3   | Found a runed translucent gate.
 12505 | Lair:3   | Found a runed translucent gate.
 12513 | Lair:3   | Noticed caveywoolpert's ghost (journeyman HOBe)
 12536 | Lair:3   | Found a staircase to the Swamp.
 12536 | Lair:3   | Noticed a boulder beetle
 12554 | Lair:3   | Killed a boulder beetle
 12555 | Lair:3   | Reached XP level 13. HP: 110/119 MP: 13/13
 13125 | Lair:4   | Reached skill level 13 in Fighting
 13767 | Lair:4   | Found a staircase to the Slime Pits.
 13771 | Lair:4   | Found a viscous altar of Jiyva.
 13931 | Lair:4   | Found an ornate altar of the Wu Jian Council.
 13931 | Lair:4   | Found a hide-covered altar of Uskayaw.
 14063 | Lair:4   | Noticed an ice dragon
 14553 | Lair:4   | Reached skill level 10 in Armour
 14563 | Lair:4   | Killed an ice dragon
 14832 | Lair:4   | Identified the +7 shortbow of the Ancients {freeze, rElec
                  | Str+6 Int-5 SInv}
 15260 | Lair:5   | Entered Level 5 of the Lair of Beasts
 15644 | Lair:5   | Reached **** piety under Trog
 16542 | Lair:5   | Reached skill level 14 in Fighting
 16543 | Lair:5   | Paralysed by a hornet for 1 turns
 16947 | Lair:5   | Reached XP level 14. HP: 132/132 MP: 14/14
 17413 | D:9      | Found a staircase to the Orcish Mines.
 17612 | D:9      | Noticed Psyche
 17624 | D:9      | Killed Psyche
 17927 | D:9      | Reached ***** piety under Trog
 18293 | D:9      | Found a glowing silver altar of Zin.
 18351 | Orc:1    | Entered Level 1 of the Orcish Mines
 18608 | Orc:2    | Entered Level 2 of the Orcish Mines
 18645 | Orc:2    | Found Hush's Antique Weapon Shoppe.
 18651 | Orc:2    | Received a gift from Trog
 18709 | Orc:2    | Found Lolutrio's General Store.
 18714 | Orc:2    | Found a staircase to the Elven Halls.
 18915 | Orc:2    | Found Wajiu's General Store.
 18997 | Orc:2    | HP: 8/199 [orc knight/+1 great mace (17)]
 19003 | Orc:2    | HP: 9/199 [ettin/+0 dire flail (4)]
 19005 | Orc:2    | HP: 1/199 [ettin/+0 dire flail (10)]
 19095 | Orc:2    | Reached skill level 10 in Shields
 19568 | Orc:2    | Found Ogoguf's Weapon Emporium.
 19684 | Orc:2    | Found a roughly hewn altar of Beogh.
 19816 | Orc:2    | Found a runed translucent door.
 19837 | Orc:2    | Noticed cariele's ghost (journeyman PaBe)
 19872 | Orc:2    | Found Nanlumpe's Distillery.
 19872 | Orc:2    | Found Leaz's Weapon Emporium.
 19896 | Orc:2    | HP: 7/199 [orc warrior/+0 arbalest (6)]
 19902 | Orc:2    | HP: 5/199 [orc warrior/+0 hand axe (6)]
 19906 | Orc:2    | HP: 2/199 [orc warrior/+0 broad axe (3)]
 19909 | Orc:2    | Slain by an orc warrior

Illustrated notes

Levels and vault maps discovered:
D:1:      lemuel_arrival_tunnels, layout_basic, basic_ecumenical_altar,
          serial_shops, shop, interstate_on_off, minmay_heptomino_o4
D:2:      layout_basic, uniq_robin
D:3:      layout_basic, nicolae_qazlal_general_emergency, chequers_mini_garden,
          nicolae_grassy_gnolls
D:4:      old_forge, layout_basic, tso_altar, minmay_temple_entry_hall,
          uniq_crazy_yiuf_cottage, uniq_grinder, uniq_natasha
D:5:      layout_loops_cross, mainiacjoe_overflow_catwalk,
          nicolae_dithmenos_shadow_blocks, uniq_sigmund, uniq_edmund
D:6:      layout_basic, nicolae_hepliaklqana_hazy_memory, bloody_makhleb,
          cheibrodos_ashenzari_chains, enter_ossuary_2, serial_co_window_serial,
          co_window_paths_a, co_window_paths_a, co_window_paths_b,
          co_window_paths_a, co_window_corner_a, co_window_paths_a,
          co_window_corner_a, co_window_broadway_c, co_window_paths_c,
          co_window_corner_ca, co_window_broadway_b, co_window_paths_d,
          glass_columns_b, glass_columns_b, uniq_blork_the_orc
D:7:      layout_basic, serial_rivers, chequers_serial_rivers_micro_c,
          chequers_serial_rivers_micro_e, chequers_serial_rivers_small_b,
          chequers_serial_rivers_micro_e, chequers_serial_rivers_large_a,
          serial_shops, nicolae_shop_hallway_plus
D:8:      minmay_flawed_box, layout_basic, nicolae_ru_the_path_less_chosen,
          mainiacjoe_overflow_catch_the_wave, minmay_lair_entry_grove,
          dreamdust_gnoll_shepherd
D:9:      layout_long_grid, kennysheep_little_box, orc_0_dummy, uniq_psyche
Temple:   chequers_temple_sunken
Lair:1:   layout_hall_layers, basic_altar, pond
Lair:2:   layout_roguey, spider_nest_entry_web_field,
          nicolae_lair_grazing_beasts [nicolae_sub_lair_graze_edge,
          nicolae_sub_lair_graze_edge, nicolae_sub_lair_graze_edge,
          nicolae_sub_lair_graze_edge], uniq_amaemon
Lair:3:   layout_regular_city, swamp_mist, gammafunk_ghost_necromancy,
          nicolae_lair_lindhole
Lair:4:   dreamdust_isle_of_ice, layout_regular_city, slime_entry_1,
          serial_bayou, serial_bayou_shore_b, serial_bayou_shore_b,
          serial_bayou_shore_b, nzn_masters_of_martial_movement,
          grunt_megastairs_2
Lair:5:   minmay_lair_end_enchanted_forest, layout_misc_corridors,
          nicolae_quartered_pool_impasse, wad_woods_road_03,
          chequers_serial_rivers_large_b, st_stairs_13, dpeg_oklob_1,
          serial_bayou_shore_b
Orc:1:    layout_caves
Orc:2:    st_orc_town, layout_caves, serial_shops, shop, shop_coins, shop, shop,
          hellmonk_ghost_happy_afterlife, nicolae_orc_flooded_monolith

Skill      XL: |  1  2  3  4  5  6  7  8  9 10 11 12 13 14 |
---------------+-------------------------------------------+-----
Axes           | 3 4 5 6 7 8 9 10 11 12 | 12.2
Fighting       | 4 5 6 7 9 10 11 12 14 | 14.8
Dodging        | 1 2 3 4 5 6 7 8 |  8.9
Shields        | 4 5 6 7 8 9 10 | 10.1
Armour         | 4 5 6 7 9 10 11 | 11.4
Throwing       | 1 2 3 4 5 6 7 |  7.6
Evocations     | 1 3 4 5 6 7 |  7.4

Action                   |  1- 3 |  4- 6 |  7- 9 | 10-12 | 13-15 || total
-------------------------+-------+-------+-------+-------+-------++-------
Melee: War axe           |    73 |   122 |   184 |   275 |   492 ||  1146
       Mace              |       |       |       |    32 |    10 ||    42
Throw: Dart              |       |    14 |       |    16 |    34 ||    64
       Boomerang         |       |    10 |    67 |    29 |    28 ||   134
       Javelin           |       |       |       |       |     8 ||     8
Invok: Trog's Hand       |       |       |       |     4 |    14 ||    18
       Berserk           |       |       |       |     3 |     7 ||    10
Evoke: Wand              |       |       |     1 |    20 |    17 ||    38
  Use: Scroll            |     4 |     4 |    13 |     9 |    10 ||    40
       Potion            |       |       |     1 |    13 |    13 ||    27
 Stab: Distracted        |       |     1 |       |     1 |    12 ||    14
       Held in net/web   |       |       |     1 |       |       ||     1
Armor: Scale mail        |    32 |    40 |       |       |       ||    72
       Chain mail        |       |    12 |    71 |       |       ||    83
       Plate armour      |       |       |     2 |   197 |   238 ||   437
       Skin              |       |       |       |    26 |    27 ||    53
Dodge: Dodged            |    27 |    35 |    56 |   107 |   154 ||   379
Block: Buckler           |    12 |    16 |    35 |   159 |   283 ||   505
       Reflection        |       |       |       |       |     9 ||     9
